General information
- name: BNet
- type: Ladder team game (AT/RT)
- host: Battle.net
- saver: TheONLYHuman
map: Deadlock
- players: 8
- length: 11:29
- speed: Fast
- version: 1.26 W3XP
- replay type: Public
» download(93 KB)
Players
team 1 (winner)
SZ_MaNiAX (
pink | 84 APM | 954 actions | 11:19)
3 Mountain King
2 Storm Bolt
1 Bash
1 Paladin
1 Holy Light
» actions
| Assign group hotkey | 21 | |
| Basic commands | 113 | |
| Build / train | 36 | |
| Enter build submenu | 22 | |
| Enter hero's abilities submenu | 4 | |
| Right click | 329 | |
| Select / deselect | 125 | |
| Select group hotkey | 272 | |
| Use ability | 32 | |
954 total
» units
| Peasant | 9 | |
| Footman | 3 | |
| Rifleman | 7 | |
| Flying Machine | 1 | |
| Priest | 1 | |
| Mortar Team | 1 | |
22 total
» upgrades
| Gunpowder | 1 | |
| Long Rifles | 1 | |
| Plating | 1 | |
| Flare | 1 | |
4 total
» buildings
| Altar of Kings | 1 | |
| Barracks | 2 | |
| Farm | 9 | |
| Blacksmith | 1 | |
| Arcane Vault | 1 | |
| Scout Tower | 2 | |
| Arcane Tower | 1 | |
| Keep | 1 | |
| Lumber Mill | 1 | |
| Guard Tower | 1 | |
| Workshop | 1 | |
| Arcane Sanctum | 1 | |
22 total
» build order
00:28 Altar of Kings
00:47 Barracks
00:58 Farm
01:13 Farm
01:54 Farm
02:20 Blacksmith
02:32 Barracks
02:48 Farm
02:58 Arcane Vault
03:49 Scout Tower
04:09 Farm
04:35 Arcane Tower
05:12 Keep
05:14 Scout Tower
05:32 Farm
05:38 Lumber Mill
06:54 Guard Tower
07:00 Farm
08:46 Workshop
08:55 Arcane Sanctum
09:50 Farm
11:19 Farm
» items
GoldMineRapist (
blue | 58 APM | 663 actions | 11:24)
1 Mountain King
1 Storm Bolt
» actions
| Assign group hotkey | 4 | |
| Build / train | 45 | |
| Enter build submenu | 15 | |
| Enter hero's abilities submenu | 1 | |
| Right click | 318 | |
| Select / deselect | 210 | |
| Select group hotkey | 13 | |
| Use ability | 57 | |
663 total
» units
» upgrades
» buildings
| Lumber Mill | 1 | |
| Scout Tower | 10 | |
| Guard Tower | 10 | |
| Farm | 2 | |
| Arcane Vault | 1 | |
| Altar of Kings | 1 | |
| Arcane Tower | 1 | |
26 total
» build order
00:12 Lumber Mill
01:15 Scout Tower
01:27 Scout Tower
01:37 Guard Tower
01:46 Guard Tower
01:49 Scout Tower
01:51 Scout Tower
01:57 Scout Tower
02:02 Guard Tower
02:02 Guard Tower
02:02 Guard Tower
02:16 Guard Tower
02:16 Guard Tower
02:45 Scout Tower
02:50 Farm
03:02 Arcane Vault
03:07 Scout Tower
03:43 Altar of Kings
03:46 Guard Tower
05:15 Scout Tower
06:35 Guard Tower
06:38 Farm
08:20 Scout Tower
08:42 Scout Tower
09:06 Arcane Tower
» items
| Dust of Appearance | 1 | |
| Boots of Speed | 1 | |
2 total
MALICE (
yellow | 77 APM | 885 actions | 11:28)
2 Mountain King
1 Storm Bolt
1 Bash
» actions
| Assign group hotkey | 18 | |
| Basic commands | 2 | |
| Build / train | 37 | |
| Enter build submenu | 12 | |
| Enter hero's abilities submenu | 2 | |
| Right click | 362 | |
| Select / deselect | 143 | |
| Select group hotkey | 278 | |
| Use ability | 31 | |
885 total
» units
| Peasant | 9 | |
| Footman | 11 | |
| Spell Breaker | 2 | |
| Sorceress | 2 | |
24 total
» buildings
| Altar of Kings | 1 | |
| Farm | 8 | |
| Barracks | 1 | |
| Keep | 4 | |
| Arcane Vault | 1 | |
| Arcane Sanctum | 2 | |
17 total
» build order
00:12 Altar of Kings
00:21 Farm
00:44 Barracks
00:58 Farm
01:38 Farm
02:19 Farm
03:10 Farm
04:20 Keep
04:21 Keep
04:21 Keep
05:31 Arcane Vault
07:00 Arcane Sanctum
07:02 Arcane Sanctum
07:40 Farm
07:41 Farm
07:42 Farm
» items
| Potion of Mana | 1 | |
| Lesser Clarity Potion | 1 | |
| Scroll of Regeneration | 4 | |
6 total
CHOOCHOOMAN (
green | 48 APM | 549 actions | 11:28)
3 Blademaster
2 Wind Walk
1 Critical Strike
» actions
| Assign group hotkey | 14 | |
| Build / train | 28 | |
| Enter build submenu | 15 | |
| Enter hero's abilities submenu | 3 | |
| Give item / drop item | 2 | |
| Right click | 189 | |
| Select / deselect | 99 | |
| Select group hotkey | 174 | |
| Use ability | 25 | |
549 total
» units
» upgrades
» buildings
| Altar of Storms | 1 | |
| Orc Burrow | 4 | |
| War Mill | 1 | |
| Voodoo Lounge | 1 | |
| Watch Tower | 8 | |
| Stronghold | 1 | |
| Beastiary | 2 | |
| Fortress | 1 | |
19 total
» build order
00:12 Altar of Storms
00:25 Orc Burrow
00:46 War Mill
01:23 Voodoo Lounge
02:08 Watch Tower
02:11 Watch Tower
02:36 Watch Tower
03:30 Stronghold
03:51 Orc Burrow
03:56 Orc Burrow
04:08 Watch Tower
05:13 Orc Burrow
05:54 Beastiary
05:55 Beastiary
06:53 Fortress
09:02 Watch Tower
09:02 Watch Tower
09:02 Watch Tower
09:45 Watch Tower
» items
| Healing Salve | 2 | |
| Lesser Clarity Potion | 1 | |
| Staff of Teleportation | 1 | |
| Tiny Great Hall | 1 | |
5 total
team 2 (loser)
newacct_125 (
purple | 54 APM | 613 actions | 11:19)
2 Blademaster
1 Wind Walk
1 Mirror Image
» actions
| Assign group hotkey | 3 | |
| Build / train | 36 | |
| Enter build submenu | 10 | |
| Enter hero's abilities submenu | 2 | |
| Right click | 410 | |
| Select / deselect | 107 | |
| Select group hotkey | 7 | |
| Use ability | 38 | |
613 total
» units
| Peon | 10 | |
| Wind Rider | 6 | |
| Troll Batrider | 5 | |
21 total
» upgrades
| Ranged Weapons | 1 | |
| Liquid Fire | 1 | |
2 total
» buildings
| Orc Burrow | 4 | |
| Altar of Storms | 1 | |
| War Mill | 1 | |
| Voodoo Lounge | 1 | |
| Stronghold | 3 | |
| Fortress | 2 | |
| Beastiary | 3 | |
15 total
» build order
00:21 Orc Burrow
00:35 Altar of Storms
00:50 War Mill
01:38 Voodoo Lounge
03:13 Stronghold
03:14 Stronghold
03:14 Stronghold
04:38 Orc Burrow
04:39 Orc Burrow
06:31 Fortress
06:34 Beastiary
06:35 Beastiary
06:36 Beastiary
08:17 Orc Burrow
» items
| Healing Salve | 1 | |
| Lesser Clarity Potion | 1 | |
2 total
ItsObamanation (
orange | 31 APM | 345 actions | 11:02)
1 Blademaster
1 Mirror Image
» actions
| Build / train | 10 | |
| Enter build submenu | 11 | |
| Enter hero's abilities submenu | 1 | |
| Right click | 149 | |
| Select / deselect | 131 | |
| Use ability | 43 | |
345 total
» units
» buildings
| Altar of Storms | 1 | |
| Orc Burrow | 4 | |
| Barracks | 1 | |
| War Mill | 1 | |
| Watch Tower | 1 | |
8 total
» build order
00:23 Altar of Storms
00:27 Orc Burrow
00:56 Barracks
01:30 Orc Burrow
01:46 Orc Burrow
02:02 War Mill
02:22 Orc Burrow
06:04 Watch Tower

»
WED.WD.1iL1iiLO (
red | 87 APM | 1000 actions | 11:28)
4 Blademaster
2 Wind Walk
2 Critical Strike
» actions
| Assign group hotkey | 15 | |
| Basic commands | 9 | |
| Build / train | 40 | |
| Enter build submenu | 14 | |
| Enter hero's abilities submenu | 4 | |
| Give item / drop item | 2 | |
| Right click | 414 | |
| Select / deselect | 187 | |
| Select group hotkey | 269 | |
| Use ability | 46 | |
1000 total
» units
| Peon | 9 | |
| Grunt | 7 | |
| Troll Headhunter/Berserker | 2 | |
| Troll Witch Doctor | 1 | |
19 total
» upgrades
» buildings
| Altar of Storms | 2 | |
| Orc Burrow | 3 | |
| Barracks | 1 | |
| Voodoo Lounge | 1 | |
| War Mill | 1 | |
| Watch Tower | 5 | |
| Stronghold | 2 | |
| Fortress | 2 | |
| Spirit Lodge | 1 | |
18 total
» build order
00:08 Altar of Storms
00:11 Altar of Storms
00:15 Orc Burrow
00:21 Barracks
00:55 Voodoo Lounge
03:03 Orc Burrow
03:27 War Mill
05:12 Watch Tower
06:45 Stronghold
06:45 Stronghold
06:57 Watch Tower
06:59 Watch Tower
07:11 Watch Tower
07:25 Watch Tower
08:37 Orc Burrow
09:26 Fortress
09:29 Spirit Lodge
» items
| Healing Salve | 4 | |
| Scroll of Speed | 1 | |
| Boots of Speed | 1 | |
| Staff of Teleportation | 1 | |
| Lesser Clarity Potion | 2 | |
| Scroll of Town Portal | 1 | |
| Potion of Healing | 1 | |
11 total
TheONLYHuman (
teal | 111 APM | 1277 actions | 11:29)
3 Archmage
2 Summon Water Elemental
1 Brilliance Aura
2 Mountain King
1 Storm Bolt
1 Bash
» actions
| Assign group hotkey | 117 | |
| Basic commands | 18 | |
| Build / train | 76 | |
| ESC pressed | 5 | |
| Enter build submenu | 26 | |
| Enter hero's abilities submenu | 6 | |
| Give item / drop item | 2 | |
| Right click | 442 | |
| Select / deselect | 176 | |
| Select group hotkey | 325 | |
| Use ability | 84 | |
1277 total
» units
| Peasant | 19 | |
| Footman | 4 | |
| Gryphon Rider | 3 | |
26 total
» upgrades
| Masonry | 3 | |
| Lumber Harvesting | 1 | |
4 total
» buildings
| Altar of Kings | 1 | |
| Farm | 5 | |
| Barracks | 1 | |
| Arcane Vault | 1 | |
| Lumber Mill | 1 | |
| Keep | 3 | |
| Town Hall | 1 | |
| Scout Tower | 8 | |
| Guard Tower | 17 | |
| Castle | 3 | |
| Gryphon Aviary | 3 | |
| Blacksmith | 2 | |
46 total
» build order
00:20 Altar of Kings
00:34 Farm
01:19 Barracks
01:35 Farm
01:37 Farm
01:42 Arcane Vault
02:04 Lumber Mill
02:23 Farm
03:37 Keep
03:37 Keep
04:22 Town Hall
05:03 Scout Tower
05:04 Scout Tower
05:26 Scout Tower
05:27 Scout Tower
05:28 Scout Tower
05:30 Scout Tower
05:58 Guard Tower
05:58 Guard Tower
05:58 Guard Tower
05:58 Guard Tower
06:00 Guard Tower
06:00 Guard Tower
06:00 Guard Tower
06:25 Guard Tower
07:15 Castle
07:15 Castle
07:15 Castle
07:23 Scout Tower
07:26 Scout Tower
07:29 Guard Tower
07:30 Guard Tower
07:41 Farm
07:46 Guard Tower
08:09 Guard Tower
08:45 Gryphon Aviary
08:50 Gryphon Aviary
09:40 Gryphon Aviary
10:38 Blacksmith
10:42 Blacksmith
» items
| Mechanical Critter | 3 | |
| Scroll of Regeneration | 4 | |
| Ivory Tower | 1 | |
8 total
Chat log
(00:47 / Allies) ItsObamanation: wathc out
(00:48 / Allies) ItsObamanation: watch
(00:59 / Allies) newacct_125: its comin
(01:10 / Allies) newacct_125: its comin fast
(01:23 / Allies) newacct_125: and hard
(01:32 / Allies) newacct_125: its how the gold mine rapist likes it
(01:46 / Allies) WED.WD.1iL1iiLO: rush him
(01:52 / Allies) WED.WD.1iL1iiLO: trade base
(01:55 / Allies) WED.WD.1iL1iiLO: they feed blue
(01:56 / Allies) TheONLYHuman: you're ap reteamer why do you want to rush
(01:56 / Allies) WED.WD.1iL1iiLO: i hit tpo
(02:02 / Allies) newacct_125: i raped him one game
(02:07 / Allies) ItsObamanation: im more vlauable
(02:14 / Allies) newacct_125: he towered far from his base so i got his hall
(02:42 / Allies) newacct_125: we cant do anythin oj
(02:51 / Allies) newacct_125: hes got u
(02:59 / Allies) TheONLYHuman: noob orange lol
(03:44 / Allies) TheONLYHuman: wood me fast
(04:02 / Allies) ItsObamanation: lumber me
(04:03 / Allies) ItsObamanation: fast
(04:08 / Allies) TheONLYHuman: I asked first
(04:27 / Allies) newacct_125: red u noob
(04:29 / Allies) newacct_125: almost killed me
(05:11 / Allies) newacct_125: wow
(05:13 / Allies) newacct_125: oj lost it alrdy
(05:20 / Allies) ItsObamanation: killed my burrow
(05:22 / Allies) ItsObamanation: so i couldnt make her
(05:29 / Allies) ItsObamanation: hero
(05:33 / All) CHOOCHOOMAN: u guys seriously aint helping oj?
(05:34 / Allies) ItsObamanation: and noob teamates
(05:37 / All) TheONLYHuman: he's a noob
(05:42 / All) TheONLYHuman: and calling us noob for not helping him
(05:44 / All) ItsObamanation: too late they noob
(05:45 / All) TheONLYHuman: cuz his dumbass gets towered to death
(05:48 / All) TheONLYHuman: and so it's our fault
(08:01 / All) ItsObamanation: gg
(08:07 / All) TheONLYHuman: shut the fuck up kill yourself scrub lol
(09:22 / Allies) ItsObamanation: get me an expo
(09:26 / Allies) TheONLYHuman: fuck no
(09:30 / Allies) newacct_125: go
(09:30 / Allies) newacct_125: red
(10:07 / All) ItsObamanation: ill just smoke my weed and watch
(10:43 / Allies) ItsObamanation: let me get this
(10:49 / All) MALICE: gol
(10:51 / Allies) ItsObamanation: clear
(10:54 / Allies) ItsObamanation: i can rebuild
(10:54 / All) ItsObamanation: D
(10:54 / All) ItsObamanation: D
(10:55 / All) ItsObamanation: D
(10:55 / All) TheONLYHuman: drophack?
(10:55 / All) ItsObamanation: D
(11:00 / All) CHOOCHOOMAN: dis chack
(11:02 / All) TheONLYHuman: lol
(11:05 / All) WED.WD.1iL1iiLO: who the fuck hack?
(11:08 / All) TheONLYHuman: did he just hack himself to death
(11:19 / All) TheONLYHuman: now red lagging
(11:19 / All) TheONLYHuman: one of the level 1s
(11:20 / All) CHOOCHOOMAN: purple or
(11:22 / All) WED.WD.1iL1iiLO: wtf?
(11:24 / All) TheONLYHuman: thanks for ruining war3
(11:28 / All) TheONLYHuman: could've been a decent game